Croesus, chaotic female elven Ranger ---- ----- --..---...| -- |.........| |.------- --.|......-- ....|..- -- . --|.|.....| -....... .---.- |.|-....| --......- ..... |.||.--.--- |........ ....- |.||.||...| |)......- .... |.||.|---.---|......... -...- | --.--.| |...||.......------ .... .| --.....---|--.---......--...------------..--- ...| |........||...%.........%.......................- ----..--.--.<--.-..........-----------..........--- ----|....--|^.....[..---- |.@........:..| ----..| ---......-- -.--..d....-- - |...--- -......-- .. --.....| -..-- |....---- ... -....| |..-- ---.-- -... ...| --- --- ---- -..| --- Croesus the Tenderfoot Experience level: 1 Strength: 14 Dexterity: 12 Constitution: 13 Intelligence: 13 Wisdom: 15 Charisma: 8 Health: 0(13) Energy: 8(8) Def: 5 Gold: 465 Moves: 2860 Dungeon seed: S_Rz6vwKEW3F4VDf Game ID: Croesus_1605523662 Your Inventory: Weapons d - an uncursed +1 elven dagger (weapon in hand) e - a blessed +1 elven bow (alternate weapon; not wielded) m - 14 cursed -1 darts n - a cursed -1 sling F - an uncursed +0 orcish dagger I - 15 uncursed +0 darts J - a cursed -1 arrow K - 13 uncursed +0 thirsty darts L - 54 uncursed +2 elven arrows N - 39 uncursed +0 elven arrows P - an uncursed +0 bow Q - an uncursed +0 dagger T - a blessed +1 arrow V - 27 cursed +0 arrows X - 45 uncursed +0 arrows (in quiver) Armor a - an uncursed +0 pair of iron shoes A - an uncursed +0 Hawaiian shirt of stealth C - an uncursed +2 elven cloak (being worn) D - an uncursed +0 pair of iron shoes (being worn) R - a blessed +0 dwarvish cloak S - an uncursed +0 pair of iron shoes U - a blessed +1 dwarvish cloak Z - a blessed +2 dwarvish cloak Comestibles f - 3 uncursed lembas wafers O - an uncursed food ration W - an uncursed melon Scrolls i - 2 uncursed scrolls of enchant weapon l - 2 uncursed scrolls of remove curse Potions g - 2 uncursed potions of polymorph E - an uncursed potion of object detection G - an uncursed potion of paralysis Rings o - an uncursed ring of stealth p - an uncursed ring of fire immunity Wands j - an uncursed wand of speed monster (0:4) v - an uncursed wand of slow monster (0:3) Tools b - an uncursed +0 pick-axe c - 5 uncursed tallow candles (0:200) h - an uncursed leash k - an uncursed lock pick w - an uncursed tin whistle x - an uncursed +0 pick-axe H - an uncursed tin opener M - a blessed tallow candle (0:200) Gems q - an uncursed jasper stone r - an uncursed worthless piece of yellow glass s - an uncursed worthless piece of blue glass y - an uncursed worthless piece of red glass z - 2 uncursed worthless pieces of yellowish brown glass Y - an uncursed worthless piece of black glass Coins $ - 465 gold pieces Spells and supernatural/magical abilities: Name Level Category Cost Memory W - pray for help -- divine ? -- Your skills at the end: Fighting Skills wands [Basic] Weapon Skills dagger [Basic] bow [Basic] Spellcasting Skills Final Attributes: You were piously aligned. You were immune to sleep. You saw invisible. You had automatic searching. You had infravision. You were stealthy. Mars was noncommittal. You are dead. Vanquished creatures: a small mimic a water nymph a shrieker 2 gnome lords a giant ant a kitten 3 dwarves a giant bat 2 iguanas 5 coyotes a gas spore a hobbit 9 manes 2 large kobolds 4 giant rats a yellow mold a red mold 8 gnomes 4 geckos 10 jackals a fox 2 kobolds a goblin 4 sewer rats 4 grid bugs 2 bats 3 lichens a kobold zombie 6 newts 83 creatures vanquished. Voluntary challenges: You were an atheist. You used a wielded weapon 8 times, starting on turn 30. You read items or engraved 4 times, starting on turn 454. You never genocided any monsters. You never polymorphed an object. You never changed form. You used no wishes. You never split a pudding. You wrote Elbereth's name 2 times, starting on turn 454. You never violated your personal moral code. Dungeon overview: The Dungeons of Doom: levels 1 to 7 Level 1 a long staircase Level 2 a general store Level 3 a jewelry store, a fountain Level 4 a fountain stairs to The Gnomish Mines Level 5 a general store Level 6 a potion shop, a fountain, a vault Level 7 The Gnomish Mines: Level 5 <- You were here stairs to The Dungeons of Doom History has recorded: On T:1 you entered the Dungeons of Doom to retrieve the Amulet of Yendor! On T:106 you reached level 2 of The Dungeons of Doom. On T:296 you reached level 3 of The Dungeons of Doom. On T:919 you reached level 4 of The Dungeons of Doom. On T:1489 you reached level 5 of The Dungeons of Doom. On T:1646 you reached level 6 of The Dungeons of Doom. On T:2322 you reached level 7 of The Dungeons of Doom. On T:2658 you reached level 1 of The Gnomish Mines. Score breakdown: Gold: 465 ( 9076 points) Experience: 1 level ( 0 points) Exploration: 7 levels ( 14.58%) (10718 points) Discoveries: 4 items ( 1.36%) ( 3493 points) Valuables value: (no points given unless you survive) Artifact value: 0 ( 0 points) Variety of kills: 29 monsters ( 7.63%) ( 8287 points) Turncount: 2860 turns ( -529 points) Survival: died (score multiplied by 80%) Total score: 24836 Latest messages: You finish eating the female dwarf corpse. [8 turns] You have a little trouble lifting Z - a hooded cloak. You have a little trouble lifting a - a pair of hard shoes. You have a little trouble lifting b - a pick-axe. You see here 5 candles. [2 turns] You have a little trouble lifting c - 5 candles. You see here a blue gem. You have a little trouble lifting s - a blue gem. [2 turns] (2x) You find an arrow trap. [2 turns] That arrow trap is difficult to disarm. [2 turns] Whoops... An arrow shoots out at you! You are hit by an arrow! Whoops... An arrow shoots out at you! You are hit by an arrow! You die... Final status: Goodbye Croesus the Ranger, killed by an arrow... You died in The Gnomish Mines on dungeon level 5 with 24836 points, and 465 pieces of gold, after 2860 moves. You were level 1 with a maximum of 13 hit points when you died.